 Dungeon Crawl Stone Soup version 0.18.1-1-g2f07953 (webtiles) character file.

15932557 DirectiveMayhem the End of an Era (level 27, 273/273 HPs)
             Began as a Ghoul Gladiator on June 17, 2016.
             Was the Champion of Qazlal.
             Escaped with the Orb
             ... and 15 runes on June 19, 2016!
             The game lasted 08:33:00 (99458 turns).

DirectiveMayhem the End of an Era (GhGl)           Turns: 99458, Time: 08:33:01

Health: 273/273    AC: 50    Str: 33    XL:     27
Magic:  48/48      EV: 34    Int: 12    God:    Qazlal [******]
Gold:   14752      SH:  8    Dex: 24    Spells: 7 memorised, 32 levels left

rFire  + + +     SeeInvis .     T - +10 broad axe of Doom {speed, rElec rF++}
rCold  + + +     Gourm    .     c - +9 crystal plate armour of Temperance {*Contam rPois rC+ Regen+}
rNeg   + + +     Faith    .     (no shield)
rPois  ∞         Spirit   .     M - -2 hat of the Alchemist {rElec rPois rF+ rC+ rN+ MR+ rMut rCorr}
rElec  +         Dismiss  .     i - +2 cloak of Ydamegor {Str+3 Int+4}
rCorr  +         Reflect  .     w - +2 pair of fencer's gloves {LBl+4 SBl+4 EV+3 Dex+6}
rMut   +         Harm     .     y - +2 pair of boots {run}
SustAt .                        m - amulet of regeneration
MR     +++++                    h - ring of the Peasants {+Inv MP+9 Dex+9}
Stlth  ..........               B - ring of the Mage {Wiz MR++ Int+3}

@: rotting, repel missiles, quick, almost entirely resistant to hostile
enchantments, extremely unstealthy
A: rotting body, claws 1, carnivore 3, cold resistance 1, negative energy
resistance 3, slow regeneration 1, torment resistance, unbreathing
a: Upheaval, Elemental Force, Disaster Area, Renounce Religion, Evoke
Invisibility
0: Orb of Zot
}: 15/15 runes: barnacled, slimy, silver, golden, iron, obsidian, icy, bone,
abyssal, demonic, glowing, magical, fiery, dark, gossamer


You escaped.
You worshipped Qazlal.
Qazlal was exalted by your worship.
You were not hungry.

You visited 18 branches of the dungeon, and saw 93 of its levels.
You visited Pandemonium 2 times, and saw 22 of its levels.
You visited the Abyss 5 times.
You visited 1 bazaar.
You completed 1 ziggurat, and saw 27 of its levels.
You also visited: Sewer, Ossuary, Ice Cave, Volcano and Wizlab.

You collected 16656 gold pieces.
You spent 1904 gold pieces at shops.

Inventory:

Hand Weapons
 e - a +9 executioner's axe of chopping
 q - the +12 Glaive of Prune {chop}
   (You took it off a fire giant on level 7 of Gehenna)

   It inflicts extra damage upon your enemies.
 G - a +9 vampiric battleaxe
 T - the +10 broad axe of Doom (weapon) {speed, rElec rF++}
   (You took it off a spriggan air mage on level 4 of the Depths)

   Attacks with this weapon are significantly faster.
   It greatly protects you from fire.
   It insulates you from electricity.
Missiles
 d - 17 throwing nets
 n - 15 steel javelins
 D - 59 poisoned javelins (quivered)
 N - 24 javelins
 O - 30 javelins of penetration
Armour
 c - the +9 crystal plate armour of Temperance (worn) {*Contam rPois rC+ Regen+}
   (You acquired it in Pandemonium)

   It protects you from cold.
   It protects you from poison.
   It causes magical contamination when unequipped.
   It increases your rate of regeneration.
 i - the +2 cloak of Ydamegor (worn) {Str+3 Int+4}
   (You acquired it on level 23 of a ziggurat)

   It affects your strength (+3).
   It affects your intelligence (+4).
 l - the +10 plate armour "Nazeshra" {Str+2 Dex+6}
   (You took it off a skeletal warrior on level 3 of the Crypt)

   It affects your strength (+2).
   It affects your dexterity (+6).
 u - a +2 crystal plate armour
 w - the +2 pair of fencer's gloves (worn) {LBl+4 SBl+4 EV+3 Dex+6}
   (You found it on level 17 of a ziggurat)

   It affects your evasion (+3).
   It affects your dexterity (+6).
 y - a +2 pair of boots of running (worn)
 M - the -2 hat of the Alchemist (worn) {rElec rPois rF+ rC+ rN+ MR+ rMut rCorr}
   (You found it on level 3 of the Tomb of the Ancients)

   It protects you from fire.
   It protects you from cold.
   It insulates you from electricity.
   It protects you from poison.
   It protects you from negative energy.
   It affects your resistance to hostile enchantments.
   It protects you from acid and corrosion.
   It protects you from mutation.
 X - the +0 mask of the Dragon {MR+ Slay+3 SInv}
   (You found it on level 18 of a ziggurat)

   It affects your accuracy and damage with ranged weapons and melee attacks
   (+3).
   It affects your resistance to hostile enchantments.
   It lets you see invisible.
Jewellery
 h - the ring of the Peasants (right hand) {+Inv MP+9 Dex+9}
   (You found it on level 3 of the Abyss)

   [ring of magical power]

   It affects your dexterity (+9).
   It affects your magic capacity (+9).
   It lets you turn invisible.
 m - an amulet of regeneration (around neck)
 o - the ring of the Sparrow {rC+ Int+2}
   (You found it on level 19 of a ziggurat)

   [ring of protection from cold]

   It affects your intelligence (+2).
   It protects you from cold.
 B - the ring of the Mage (left hand) {Wiz MR++ Int+3}
   (You took it off a rakshasa on level 4 of the Depths)

   [ring of wizardry]

   It improves your spell success rate.
   It affects your intelligence (+3).
   It affects your resistance to hostile enchantments.
 C - a +3 amulet of reflection
 R - the ring of Obsession {SustAt rPois rF+}
   (You found it on level 9 of a ziggurat)

   [ring of sustain attributes]

   It sustains your strength, intelligence and dexterity.
   It protects you from fire.
   It protects you from poison.
Wands
 x - a wand of digging (9/24)
 E - a wand of enslavement (14/24)
 L - a wand of disintegration (8/24)
 P - a wand of teleportation (3/9)
 V - a wand of heal wounds (3/9)
Scrolls
 b - 17 scrolls of teleportation
 g - 23 scrolls of fog
 p - 37 scrolls of remove curse
 s - 5 scrolls of blinking
 H - 8 scrolls of recharging
 J - 2 scrolls of summoning
 K - 4 scrolls of silence
 Q - 16 scrolls of identify
Potions
 a - 11 potions of brilliance
 j - 7 potions of flight
 r - 3 potions of heal wounds
 t - 27 potions of curing
 v - 6 potions of invisibility
 z - a potion of might
 F - 3 potions of haste
 I - 3 potions of resistance
 U - 4 potions of cancellation
Comestibles
 f - 45 meat rations
 A - 18 slices of pizza


   Skills:
 O Level 27 Fighting
 O Level 27 Axes
   Level 12.0(21.1) Maces & Flails
 O Level 27 Throwing
 O Level 27 Armour
 O Level 27 Dodging
 - Level 10.2 Spellcasting
 + Level 17.8 Charms
 - Level 12.0 Summonings
 + Level 18.9 Necromancy
 - Level 10.0 Translocations
 O Level 27 Invocations


You had 32 spell levels left.
You knew the following spells:

 Your Spells              Type           Power        Failure   Level  Hunger
a - Summon Butterflies    Summ           #####...     1%          1    None
b - Blink                 Tloc           N/A          1%          2    None
c - Apportation           Tloc           ####......   1%          1    None
d - Portal Projectile     Tloc           ####..       1%          3    ##.....
e - Regeneration          Chrm/Necr      ######....   1%          3    ##.....
f - Song of Slaying       Chrm           #####...     1%          2    None
g - Shroud of Golubria    Chrm/Tloc      #####.....   1%          2    None


Dungeon Overview and Level Annotations

Branches:
Dungeon (15/15)            Temple (1/1) D:6            Lair (8/8) D:8
 Shoals (4/4) Lair:4       Spider (4/4) Lair:4        Slime (6/6) Lair:6
    Orc (2/2) D:10            Elf (3/3) Orc:2        Vaults (5/5) D:13
  Crypt (3/3) Vaults:2       Tomb (3/3) Crypt:3      Depths (5/5) D:15
   Hell (1/1)                 Dis (7/7) Hell            Geh (7/7) Hell
    Coc (7/7) Hell            Tar (7/7) Hell            Zot (5/5) Depths:5

Altars:
Ashenzari
Cheibriados
Dithmenos
Elyvilon
Fedhas
Gozag
Kikubaaqudgha
Makhleb
Nemelex Xobeh
Okawaru
Pakellas
Qazlal
Ru
Sif Muna
Trog
Vehumet
Xom
Yredelemnul
Zin
The Shining One
Beogh
Jiyva
Lugonu

Shops:
D:4 ?   D:13 !   D:14 (   Orc:2 :[}*   Elf:2 [   Shoals:2 [   Shoals:4 %

Portals:
Hell: Depths:1 Depths:2 Depths:3 Depths:4
Abyss: Depths:2 Depths:4 Depths:5
Pandemonium: Depths:1 Depths:3
Ziggurat: Depths:1

Annotations:
D:5 spsoon's ghost, novice MfSk
Coc:7 exclusion: ice statue


Innate Abilities, Weirdness & Mutations

Your body is rotting away.
You thrive on raw meat.
You are immune to poison.
You have sharp fingernails.
You are carnivorous and can eat meat at any time.
Your flesh is cold resistant.
You are immune to negative energy.
You regenerate slowly when monsters are visible.
You are immune to unholy pain and torment.
You can survive without breathing.


Message History

The Orb Guardian is heavily wounded.
The Orb Guardian hits you but does no damage.
You slice the Orb Guardian!!
The Orb Guardian is almost dead.
The Orb Guardian hits you but does no damage.
You slash the Orb Guardian!
You kill the Orb Guardian!
Qazlal accepts your kill.
No target in view!
There is an open gate, spattered with blood here.
There is a staircase leading out of the dungeon here.
Eat which item? (? for menu, Esc to quit)
Okay, then.
Evoke which item? (* to show all) (? for menu, Esc to quit)
Zapping:
V - a wand of heal wounds (4/9)
Press: ? - help, Shift-Dir - straight line, f - you You feel much better.
This wand has 3 charges left.
Drink which item? (? for menu, Esc to quit)
Okay, then.
You have escaped!

##.####....###.#
##.# ####..##.##
.#.## ##.....#
.#..## ###...#
.....# ########
##.#.#####..######
##.......#.§#8.#.#
#.......§#..#'#..#
.#......§#...'#.@#
##..........#'#..#
##.......#..#8.#.#
#.......#..######
#.......#.....#
######.##.....#
#### #.##.....#
...# #..#######
##.#####...##


There were no monsters in sight!

Vanquished Creatures
  Cerebov (Pan)
  Antaeus (Coc:7)
  Asmodeus (Geh:7)
  Ereshkigal (Tar:7)
  Gloorx Vloq (Pan)
  the Royal Jelly (Slime:6)
  the Serpent of Hell (Coc:7)
  A seraph (Depths:3)
  Mnoleg (Pan)
  Lom Lobon (Pan)
  Dispater (Dis:7)
  8 ancient liches
  10 orbs of fire
  25 pandemonium lords
  Mennas (Pan)
  53 greater mummies
  19 shard shrikes
  Frederick (Tomb:3)
  8 Killer Klowns
  2 caustic shrikes
  Norris (Vaults:1)
  3 curse toes
  A caustic shrike (shapeshifter) (Zig:21)
  13 golden dragons
  Geryon (Hell)
  Nikola (Spider:4)
  10 bone dragons
  the Enchantress (Depths:1)
  10 iron giants
  27 Brimstone Fiends
  2 electric golems (Zot:5)
  4 doom hounds
  19 Tzitzimimeh
  27 liches
  2 hellephants
  Jorgrun (Spider:4)
  26 tentacled monstrosities
  18 Hell Sentinels
  8 deep elf master archers
  24 Ice Fiends
  6 titans
  31 acid blobs
  27 Orb Guardians
  A quicksilver dragon (shapeshifter) (Vaults:5)
  6 deep elf blademasters
  Polyphemus (Shoals:3)
  16 ancient champions
  7 quicksilver dragons
  25 Executioners
  An eldritch tentacle (Pan)
  11 death cobs
  16 tentacled starspawn
  Roxanne (Elf:2)
  A kraken (Abyss:3)
  Kirke (Spider:1)
  14 sphinxes
  Frances (D:13)
  3 sphinxes (shapeshifter) (Zig:24)
  17 storm dragons
  A shadow dragon (shapeshifter) (Zig:8)
  Ilsuiw (Shoals:4)
  3 tengu reavers
  The ghost of Wraiths the Severer, an adept FoFi of Ashenzari (Elf:1)
  7 draconian monks
  15 iron dragons
  13 azure jellies
  2 daevas
  Wiglaf (Vaults:3)
  9 revenants
  10 draconian knights
  13 shadow dragons
  Donald (Spider:1)
  46 balrugs
  Aizul (Spider:3)
  19 fire giants
  7 emperor scorpions
  22 vault wardens
  27 frost giants
  2 fire giants (shapeshifter)
  A caustic shrike zombie (Zig:26)
  9 ghost moths
  2 orc warlords
  A frost giant (shapeshifter) (Zig:24)
  4 curse skulls
  2 deep elf elementalists
  34 cacodemons
  6 draconian scorchers
  9 deep elf sorcerers
  9 warmongers
  8 draconian zealots
  11 ghouls
  4 juggernaut zombies
  7 draconian annihilators
  2 caustic shrike skeletons
  6 draconian shifters
  3 angels
  11 black suns
  20 ironheart preservers
  31 very ugly things
  48 stone giants
  3 spriggan defenders
  23 war gargoyles
  2 apis (shapeshifter)
  6 draconian callers
  88 reapers
  2 stone giants (shapeshifter)
  2 juggernaut skeletons
  3 elemental wellsprings
  17 salamander stormcallers
  9 blood saints
  2 ophanim
  11 green draconians
  9 vampire knights
  18 chaos champions
  10 deep elf demonologists
  A dire elephant (Zig:6)
  12 corrupters
  16 bennus
  14 white draconians
  12 deep elf annihilators
  2 dire elephants (shapeshifter) (Zig:24)
  16 lorocyprocas
  9 black draconians
  11 purple draconians
  7 red draconians
  7 mottled draconians
  7 yellow draconians
  5 spark wasps
  34 blizzard demons
  11 merfolk javelineers
  15 green deaths
  Josephine (Lair:7)
  41 mummy priests
  14 ettins
  30 vault guards
  30 fire dragons
  9 deep elf death magi
  11 eidola
  3 quicksilver dragon zombies
  4 merfolk impalers
  4 death oozes
  12 jiangshi
  28 yaktaur captains
  9 deep elf high priests
  13 great orbs of eyes
  2 quicksilver dragon skeletons
  8 entropy weavers
  3 juggernaut simulacra (Zig:25)
  3 naga warriors (Depths:1)
  5 rakshasas
  7 hydras
  46 ice dragons
  14 monstrous demonspawn (Pan)
  3 catoblepae
  8 hell beasts
  8 spriggan air magi
  4 merfolk avatars
  12 centaur warriors
  An alligator snapping turtle (Shoals:1)
  4 satyrs (Zig:19)
  38 dancing weapons
  7 death knights
  7 merfolk aquamancers
  A hell hog (shapeshifter) (Zig:24)
  18 ogre magi
  30 hell hogs
  3 deep troll shamans
  13 vampire magi
  3 iron giant zombies
  19 thrashing horrors
  4 death yaks
  7 deep troll earth magi
  4 spriggan berserkers
  8 titan zombies
  3 tengu warriors
  Sonja (D:15)
  8 naga sharpshooters (Zig:19)
  4 orc high priests
  10 storm dragon zombies
  15 iron golems
  Urug (D:10)
  18 wretched stars
  55 hell knights
  25 deep elf knights
  2 shock serpents
  26 soul eaters
  A fire crab (Depths:1)
  9 titan skeletons
  6 salamander mystics
  2 spatial maelstroms (Abyss:3)
  An iron troll (shapeshifter) (Zig:4)
  81 sun demons
  139 skeletal warriors
  78 death scarabs
  9 iron trolls
  18 gelid demonspawn (Pan)
  A death drake (Depths:1)
  18 shadow demons
  21 shadow wraiths
  4 anaconda zombies
  A giant orange brain (shapeshifter) (Depths:2)
  6 golden dragon zombies
  103 starcursed masses
  9 infernal demonspawn
  A deep troll (shapeshifter) (Zig:2)
  24 deep trolls
  9 storm dragon skeletons
  6 unseen horrors
  15 giant orange brains
  10 torturous demonspawn (Pan)
  19 flayed ghosts
  12 wizards
  A swamp dragon (shapeshifter) (Zig:10)
  12 sea snakes
  2 ghost moth zombies
  A naga ritualist (Zig:3)
  A lindwurm (shapeshifter) (Zig:21)
  6 putrid demonspawn
  4 spectral wolf spiders (Spider:4)
  A spriggan druid (Depths:5)
  23 ironbrand convokers
  A sphinx zombie (Zig:23)
  22 anubis guards
  2 lindwurms (Depths:1)
  26 deep elf archers
  4 tengu zombies
  2 anubis guards (shapeshifter)
  3 harpies (shapeshifter)
  10 anaconda skeletons
  7 iron dragon zombies
  24 necromancers
  21 orc knights
  17 phantasmal warriors
  4 hill giants
  19 harpies
  7 golden dragon skeletons
  6 shadow dragon skeletons
  4 shadow dragon zombies
  33 wolf spiders
  5 stone giant zombies
  9 fauns
  11 hornets
  78 deep elf magi
  A mana viper (shapeshifter) (Depths:3)
  4 tengu skeletons
  56 ugly things
  8 cyclopes
  7 frost giant zombies
  6 wolf spider zombies
  3 mana vipers
  21 orb spiders
  A faun (shapeshifter) (Zig:8)
  13 orc sorcerers
  4 worldbinders
  5 iron dragon skeletons
  6 shining eyes
  3 shock serpent zombies
  A glowing shapeshifter (Zig:24)
  14 griffons
  2 sphinx skeletons
  2 cyclopes (shapeshifter)
  11 fire giant zombies
  A salamander (shapeshifter) (Depths:1)
  A hornet (shapeshifter) (Zig:21)
  53 rust devils
  Maurice (D:10)
  21 manticores
  52 sixfirhies
  20 moths of wrath
  7 oklob plants (Zig:7)
  9 elephants
  10 salamanders
  4 toenail golems
  An elephant (shapeshifter) (Zig:21)
  3 frost giant skeletons
  A black mamba (shapeshifter) (Vaults:2)
  10 fire giant skeletons
  13 sirens
  3 ice statues
  10 apocalypse crabs
  18 black mambas
  6 water nymphs
  5 naga magi
  An octopode (shapeshifter) (Vaults:5)
  50 smoke demons
  25 vault sentinels
  An eye of devastation (shapeshifter) (Zig:24)
  5 eyes of devastation
  Psyche (D:11)
  3 torpor snails (shapeshifter)
  8 dire elephant zombies
  3 guardian serpents
  25 spiny frogs
  2 torpor snails
  A red draconian zombie (Dis:2)
  A gargoyle (D:10)
  A spiny frog (shapeshifter) (D:15)
  36 orange demons
  6 molten gargoyles
  2 yaktaurs (shapeshifter)
  6 elf skeletons
  6 stone giant skeletons
  3 human zombies
  2 spriggan skeletons
  A yellow draconian zombie (Crypt:2)
  2 shock serpent skeletons
  13 rime drakes
  A catoblepas zombie (Coc:1)
  4 dire elephant skeletons
  3 emperor scorpion zombies
  13 komodo dragons
  A white draconian zombie (Crypt:3)
  38 hellions
  54 freezing wraiths
  4 kobold demonologists
  47 tormentors
  A spectral redback (Spider:3)
  15 ancient zymes
  2 redback zombies (Spider:4)
  24 hellwings
  41 yaktaurs
  15 hydra zombies
  5 anaconda simulacra
  33 demonic crawlers
  53 ice devils
  An alligator snapping turtle skeleton (Crypt:1)
  13 efreet
  4 harpy zombies
  59 guardian mummies
  5 golden dragon simulacra
  53 jumping spiders
  5 trolls
  33 merfolk
  43 red devils
  4 tengu conjurers
  A merfolk (shapeshifter) (Zig:10)
  A wind drake (Shoals:1)
  A wolf spider simulacrum (Tar:7)
  A raiju (shapeshifter) (Vaults:2)
  3 spectral hornets (Spider:4)
  A queen bee (shapeshifter) (Vaults:2)
  3 polar bears
  2 harpy skeletons
  A shadow dragon simulacrum (Crypt:1)
  23 raiju (Abyss:3)
  136 slime creatures
  2 spectral tarantellas (Spider:4)
  A tengu simulacrum (Zig:25)
  22 ushabtiu
  17 two-headed ogres
  9 boulder beetles
  A boulder beetle (shapeshifter) (Zig:22)
  7 ettin zombies
  A wind drake (shapeshifter) (Vaults:5)
  28 blink frogs
  13 hydra skeletons
  7 bog bodies
  8 fire dragon zombies
  2 spectral jumping spiders (Spider:4)
  3 tarantella zombies (Spider:4)
  13 snapping turtles
  5 alligator zombies
  A jumping spider zombie (Spider:4)
  8 air elementals
  2 hornet zombies (Spider:4)
  An iron dragon simulacrum (Crypt:2)
  4 spriggans
  4 black mamba zombies
  6 ettin skeletons
  6 ice dragon skeletons
  3 tarantellas (shapeshifter)
  A shock serpent simulacrum (Coc:6)
  139 flying skulls
  26 water elementals
  3 fire dragon skeletons
  23 shadows
  13 wyverns
  An alligator skeleton (Geh:6)
  80 large abominations
  103 redbacks
  34 wraiths
  44 yaks
  A fire giant simulacrum (Vaults:4)
  A spriggan (shapeshifter) (Zig:22)
  7 hogs
  A deep troll skeleton (Depths:1)
  50 tarantellas
  2 vampires
  A human (D:10)
  A wind drake zombie (Crypt:1)
  42 ynoxinuls
  A basilisk (shapeshifter) (Vaults:5)
  4 steam dragons (Lair:8)
  18 fire elementals
  3 hippogriffs (shapeshifter)
  2 human simulacra (Vaults:3)
  15 hippogriffs
  9 hungry ghosts
  The ghost of NobbyPlug the Shield-Bearer, an amateur HuFi (D:3)
  45 neqoxecs
  11 vampire mosquitoes
  A black mamba skeleton (Tar:7)
  9 basilisks
  4 mottled dragons (Lair:8)
  A hill giant skeleton (Crypt:3)
  Menkaure (D:4)
  A naga (Abyss:3)
  A swamp worm (shapeshifter) (Zig:21)
  7 insubstantial wisps
  4 wargs
  7 harpy simulacra (IceCv)
  31 chaos spawn
  2 iron troll simulacra (IceCv)
  6 spatial vortices
  A putrid demonspawn zombie (Crypt:2)
  A soldier ant (D:12)
  16 water moccasins
  7 spiny frog zombies
  61 hell hounds
  Duvessa (D:5)
  2 hydra simulacra
  17 porcupines
  A swamp drake (Lair:8)
  2 giant eyeballs (shapeshifter)
  4 giant eyeballs
  9 ice beasts
  53 orc warriors
  A swamp drake (shapeshifter) (Depths:1)
  Purgy (Sewer)
  13 elf zombies
  5 spiny frog skeletons
  10 eyes of draining
  7 sky beasts
  40 small abominations
  7 snapping turtle zombies
  3 black bears
  4 manticore zombies
  A merfolk skeleton (Coc:7)
  3 ettin simulacra
  3 swamp dragon zombies
  11 phantoms
  14 wasps
  48 ogres
  An eye of draining (shapeshifter) (Zig:20)
  A fire dragon simulacrum (Tomb:3)
  19 wolves
  11 boggarts
  25 necrophages
  3 human skeletons
  5 snapping turtle skeletons
  24 centaurs
  A swamp dragon skeleton (Geh:4)
  27 crocodiles
  3 manticore skeletons
  6 big kobolds
  2 fire crab zombies
  25 giant frogs
  Blork the orc (D:4)
  12 earth elementals
  A glowing shapeshifter simulacrum (Vaults:2)
  A draconian skeleton (Crypt:2)
  Dowan (D:5)
  A dryad skeleton (Crypt:1)
  A spiny frog simulacrum (Coc:1)
  3 spriggan zombies
  14 scorpions
  A troll zombie (Tar:4)
  A warg skeleton (Crypt:3)
  7 killer bees
  A hippogriff skeleton (Crypt:1)
  2 vampire bats
  35 wights
  2 snapping turtle simulacra
  11 electric eels
  A howler monkey (D:5)
  41 jellies
  A raiju skeleton (Crypt:2)
  10 crimson imps
  6 centaur zombies
  2 giant frog zombies (D:5)
  A lava snake (Depths:1)
  A draconian simulacrum (IceCv)
  7 quasits
  3 centaur skeletons
  An elf simulacrum (Crypt:2)
  3 hounds
  32 orc wizards
  A gnoll shaman (Orc:1)
  26 orc priests
  4 giant frog skeletons
  41 iron imps
  10 iguanas
  Ijyb (D:3)
  A lightning spire (Zig:11)
  3 troll simulacra (IceCv)
  3 spriggan simulacra
  17 worker ants
  A polar bear simulacrum (IceCv)
  A killer bee zombie (D:8)
  A big kobold zombie (Ossuary)
  21 sheep
  A felid zombie (Crypt:3)
  An ogre zombie (Dis:2)
  A centaur simulacrum (IceCv)
  A naga skeleton (Coc:5)
  2 ogre skeletons
  A deep dwarf skeleton (Crypt:1)
  A demigod skeleton (Crypt:1)
  104 mummies
  A worker ant zombie (D:7)
  3 gnolls (Orc:1)
  4 naga simulacra (IceCv)
  23 adders
  An ogre simulacrum (IceCv)
  91 river rats
  5 scorpion zombies (Ossuary)
  12 shadow imps
  A swamp drake skeleton (Crypt:2)
  40 white imps
  14 ufetubi
  2 oozes (D:4)
  An adder skeleton (D:4)
  3 adder zombies
  7 ball lightnings (Pan)
  2 dart slugs
  9 giant geckos
  114 orcs
  15 bats
  12 giant cockroaches
  8 hobgoblins
  21 jackals
  22 kobolds
  5 quokkas
  A ball python (D:1)
  A giant gecko skeleton (D:5)
  A giant newt (D:3)
  2 gnoll zombies (Ossuary)
  5 goblins
  2 hobgoblin zombies
  2 kobold zombies (Ossuary)
  4 orc zombies
  A quokka zombie (Crypt:1)
  4 rats
  A bush (Lair:8)
  7 crawling corpses
  11 fire vortices
  68 fungi
  3 lurking horrors (Abyss:3)
  151 plants
  12 starspawn tentacles
  2 starspawn tentacle segments (Abyss:3)
  3 tentacles (Abyss:3)
6914 creatures vanquished.

Vanquished Creatures (collateral kills)
  A spriggan defender (Depths:1)
  A deep elf knight (Depths:1)
  A deep troll (Depths:1)
  A deep elf mage (Depths:1)
  A naga mage (Depths:1)
5 creatures vanquished.

Vanquished Creatures (others)
  A golden dragon (Zot:5)
  2 eldritch tentacles
  A draconian knight (Zot:3)
  A balrug (Pan)
  A vault warden (Zig:22)
  A reaper (Coc:3)
  A draconian zealot (Zot:5)
  An elemental wellspring (Coc:1)
  A starcursed mass (Abyss:3)
  A salamander stormcaller (Geh:3)
  A purple draconian (Zig:9)
  A spark wasp (Spider:4)
  A merfolk javelineer (Zig:19)
  A green death (Pan)
  A deep elf high priest (Elf:1)
  2 centaur warriors (Zig:19)
  A satyr (Zig:19)
  A hell hog (D:13)
  A tengu warrior (Depths:4)
  3 deep elf knights
  A shadow wraith (Zig:22)
  A skeletal warrior (Coc:5)
  5 death scarabs (Tomb:3)
  A salamander mystic (Geh:3)
  A wizard (Pan)
  A flayed ghost (Zig:22)
  2 infernal demonspawn (Pan)
  A frost giant zombie (Tomb:2)
  An ironbrand convoker (Vaults:5)
  An orb spider (Spider:4)
  A griffon (Zig:11)
  A shadow dragon skeleton (Abyss:3)
  A wolf spider (Spider:4)
  A faun (Zig:19)
  A deep elf mage (Elf:2)
  2 smoke demons
  A shock serpent zombie (Geh:1)
  A yaktaur (Zig:19)
  A rime drake (Zig:25)
  2 red devils (Depths:5)
  An ice devil (Pan)
  A guardian mummy (Tomb:2)
  An entropy weaver zombie (Vaults:3)
  A jumping spider (Spider:2)
  A wind drake (Zig:11)
  An air elemental (Elf:1)
  2 redbacks
  5 flying skulls
  A tarantella (Spider:2)
  A yak (Lair:7)
  5 water elementals
  2 centaurs (Zig:19)
  A swamp dragon skeleton (Geh:4)
  A scorpion (Ossuary)
  2 wights (Geh:1)
  An orc priest (Orc:2)
  5 mummies (Tomb:2)
  A white imp (Coc:7)
  15 ball lightnings (Pan)
  2 orcs
  A bush (Lair:8)
  229 eldritch tentacle segments
  A fire vortex (Depths:5)
  16 fungi
  15 lost souls
  A lurking horror (Abyss:3)
  47 plants
  30 starspawn tentacles
  340 starspawn tentacle segments
  5 tentacles (Abyss:3)
  158 tentacle segments (Abyss:3)
944 creatures vanquished.

Grand Total: 7863 creatures vanquished

Notes
Turn   | Place    | Note
--------------------------------------------------------------
     0 | D:1      | DirectiveMayhem the Ghoul Gladiator began the quest for the Orb.
     0 | D:1      | Reached XP level 1. HP: 17/17 MP: 0/0
    22 | D:1      | Reached XP level 2. HP: 22/24 MP: 1/1
   479 | D:2      | Found a snail-covered altar of Cheibriados.
   521 | D:2      | Reached XP level 3. HP: 29/29 MP: 2/2
   588 | D:2      | Found an opulent altar of Gozag.
   896 | D:2      | Reached XP level 4. HP: 36/36 MP: 3/3
  1414 | D:3      | Found a glowing golden altar of the Shining One.
  1444 | D:3      | Noticed Ijyb
  1467 | D:3      | Killed Ijyb
  1537 | D:3      | Reached skill level 5 in Axes
  1537 | D:3      | Reached XP level 5. HP: 16/41 MP: 4/4
  1595 | D:3      | Noticed NobbyPlug's ghost (amateur HuFi)
  1638 | D:3      | Found a glowing drain.
  1914 | D:4      | Noticed Blork the orc
  1928 | D:4      | Killed Blork the orc
  1928 | D:4      | Reached XP level 6. HP: 46/48 MP: 5/5
  1980 | D:4      | Noticed Menkaure
  1991 | D:4      | Killed Menkaure
  1991 | D:4      | Reached XP level 7. HP: 14/51 MP: 6/6
  2146 | D:4      | Found an oddly glowing altar of Pakellas.
  2188 | D:4      | Found Dedani's Magic Scroll Shoppe.
  2369 | D:4      | Found a glowing drain.
  2400 | Sewer    | Entered a sewer
  2470 | Sewer    | Noticed Purgy
  2496 | Sewer    | Killed Purgy
  2942 | D:5      | Entered Level 5 of the Dungeon
  2960 | D:5      | Noticed spsoon's ghost (novice MfSk)
  3144 | D:5      | Reached XP level 8. HP: 9/60 MP: 7/7
  3335 | D:5      | Found a burning altar of Makhleb.
  3490 | D:5      | Noticed an angel
  3491 | D:5      | Found a shimmering altar of Xom.
  3494 | D:5      | Found a glowing silver altar of Zin.
  4000 | D:5      | Noticed Duvessa
  4000 | D:5      | Noticed Dowan
  4010 | D:5      | Killed Duvessa
  4023 | D:5      | Killed Dowan
  4269 | D:6      | Found a staircase to the Ecumenical Temple.
  4275 | Temple   | Entered the Ecumenical Temple
  4458 | D:6      | Reached skill level 10 in Axes
  4552 | D:6      | Found a stormy altar of Qazlal.
  4552 | D:6      | Noticed a water elemental
  4553 | D:6      | Noticed an air elemental
  4558 | D:6      | Became a worshipper of Qazlal Stormbringer
  4698 | D:6      | Found an iron altar of Okawaru.
  4916 | D:6      | Reached XP level 9. HP: 65/67 MP: 8/8
  5382 | D:7      | Found a sacrificial altar of Ru.
  5432 | D:7      | Reached * piety under Qazlal
  5523 | D:7      | Found a sand-covered staircase.
  5530 | Ossuary  | Entered an ossuary
  6046 | D:7      | Reached ** piety under Qazlal
  6185 | D:7      | Found a sparkling altar of Nemelex Xobeh.
  6543 | D:7      | Found a bloodstained altar of Trog.
  6760 | D:8      | Reached skill level 1 in Armour
  6800 | D:8      | Noticed an elephant
  6926 | D:8      | Reached XP level 10. HP: 39/73 MP: 9/9
  7117 | D:8      | Found a staircase to the Lair.
  7152 | Lair:1   | Entered Level 1 of the Lair of Beasts
  7233 | Lair:1   | Reached skill level 5 in Armour
  7272 | Lair:1   | Noticed a spiny frog
  7280 | Lair:1   | Killed a spiny frog
  7451 | Lair:1   | Reached *** piety under Qazlal
  7477 | Lair:1   | Found a snail-covered altar of Cheibriados.
  7525 | Lair:1   | Found a burning altar of Makhleb.
  7574 | Lair:1   | Reached skill level 5 in Dodging
  7695 | Lair:1   | Reached XP level 11. HP: 61/82 MP: 10/10
  7878 | Lair:1   | Reached skill level 5 in Fighting
  8391 | Lair:2   | Noticed a griffon
  8421 | Lair:2   | Killed a griffon
  8626 | Lair:2   | Reached **** piety under Qazlal
 10383 | Lair:3   | Noticed a four-headed hydra
 10400 | Lair:3   | Killed a four-headed hydra
 10400 | Lair:3   | Reached XP level 12. HP: 24/96 MP: 11/11
 10631 | D:8      | Reached ***** piety under Qazlal
 10755 | D:8      | Found a shadowy altar of Dithmenos.
 11383 | Lair:4   | Noticed a six-headed hydra
 11390 | Lair:4   | Found a dark tunnel.
 11396 | Volcano  | Entered a volcano
 11428 | Volcano  | Noticed a hell knight
 11439 | Volcano  | Killed a hell knight
 11638 | Lair:4   | Reached skill level 15 in Axes
 11743 | Lair:4   | Found a hole to the Spider Nest.
 12023 | Lair:4   | Found a staircase to the Shoals.
 12064 | Lair:4   | Killed a four-headed hydra
 12917 | Lair:5   | Noticed a seven-headed hydra
 12948 | Lair:5   | Killed a four-headed hydra
 12948 | Lair:5   | Reached XP level 13. HP: 98/107 MP: 12/12
 13942 | Lair:6   | Reached ****** piety under Qazlal
 14101 | Lair:6   | Found a viscous altar of Jiyva.
 14102 | Lair:6   | Found a staircase to the Slime Pits.
 14704 | Lair:7   | Noticed Josephine
 15026 | Lair:7   | Killed Josephine
 15026 | Lair:7   | Reached skill level 10 in Fighting
 15660 | Lair:7   | Reached XP level 14. HP: 111/121 MP: 13/13
 15894 | Lair:8   | Entered Level 8 of the Lair of Beasts
 18259 | D:9      | Reached skill level 1 in Maces & Flails
 18655 | D:9      | Found a deep blue altar of Sif Muna.
 18806 | D:9      | Found a blossoming altar of Fedhas.
 18875 | D:9      | Found an oddly glowing altar of Pakellas.
 19208 | D:10     | Entered Level 10 of the Dungeon
 19266 | D:10     | Reached XP level 15. HP: 93/126 MP: 14/14
 19324 | D:10     | Noticed Maurice
 19481 | D:10     | Noticed Urug
 19482 | D:10     | Killed Maurice
 19488 | D:10     | Killed Urug
 19606 | D:10     | Found a staircase to the Orcish Mines.
 19807 | D:10     | Found a blossoming altar of Fedhas.
 20344 | D:11     | Noticed Psyche
 20348 | D:11     | Killed Psyche
 20612 | D:11     | Identified a scroll of acquirement
 20749 | D:12     | Reached skill level 5 in Maces & Flails
 21730 | D:13     | Found a gate to the Vaults.
 22010 | D:13     | Noticed Frances
 22087 | D:13     | Killed Frances
 22320 | D:13     | Found Batzear's Distillery.
 22335 | D:13     | Bought a potion of heal wounds for 80 gold pieces
 22335 | D:13     | Bought a potion of haste for 160 gold pieces
 22564 | D:14     | Noticed a storm dragon
 22580 | D:14     | Killed a storm dragon
 23029 | D:14     | Found Opny's Antique Weapon Shop.
 23513 | D:15     | Entered Level 15 of the Dungeon
 23918 | D:15     | Noticed Sonja
 23940 | D:15     | Killed Sonja
 23940 | D:15     | Reached skill level 10 in Maces & Flails
 23997 | D:15     | Found a gateway to a bazaar.
 24006 | Bazaar   | Entered a bazaar
 24006 | Bazaar   | Found Seaxuxy's Distillery.
 24006 | Bazaar   | Found Ineq's Magic Scroll Shop.
 24006 | Bazaar   | Found Yfaptumn's General Store.
 24008 | Bazaar   | Found Zoczostre's Antique Armour Shoppe.
 24071 | Bazaar   | Bought a scroll of identify for 20 gold pieces
 24086 | Bazaar   | Bought a potion of invisibility for 56 gold pieces
 24086 | Bazaar   | Bought 2 potions of cancellation for 112 gold pieces
 24086 | Bazaar   | Bought a potion of haste for 70 gold pieces
 24086 | Bazaar   | Bought a potion of might for 28 gold pieces
 24086 | Bazaar   | Bought a potion of heal wounds for 35 gold pieces
 24095 | Bazaar   | Bought a scroll of identify for 20 gold pieces
 24104 | Bazaar   | Bought a pair of glowing gloves for 103 gold pieces
 24120 | Bazaar   | Bought a pair of runed gloves for 103 gold pieces
 24161 | Bazaar   | Bought a runed helmet for 103 gold pieces
 24193 | Bazaar   | Bought a scroll of teleportation for 30 gold pieces
 24193 | Bazaar   | Bought a scroll of teleportation for 30 gold pieces
 24193 | Bazaar   | Bought a scroll of teleportation for 30 gold pieces
 24516 | D:15     | Found a staircase to the Depths.
 24725 | Orc:1    | Entered Level 1 of the Orcish Mines
 24832 | Orc:2    | Entered Level 2 of the Orcish Mines
 24832 | Orc:2    | Found a staircase to the Elven Halls.
 24941 | Orc:1    | Noticed an orc warlord
 24967 | Orc:1    | Killed an orc warlord
 24967 | Orc:1    | Reached XP level 16. HP: 28/134 MP: 15/15
 25812 | Orc:2    | Found Geonemor's Assorted Antiques.
 25812 | Orc:2    | Found Riasatt's Gadget Shoppe.
 25814 | Orc:2    | Found Soqidol's Antique Armour Boutique.
 25814 | Orc:2    | Found Buiplum's Book Shoppe.
 25837 | Orc:2    | Bought a potion of agility for 104 gold pieces
 25837 | Orc:2    | Bought a scroll of identify for 52 gold pieces
 25837 | Orc:2    | Bought a potion of cancellation for 208 gold pieces
 25837 | Orc:2    | Bought a potion of flight for 78 gold pieces
 26418 | Spider:1 | Entered Level 1 of the Spider Nest
 26580 | Spider:1 | Noticed Donald
 26609 | Spider:1 | Killed Donald
 26869 | Spider:1 | Noticed Kirke
 26880 | Spider:1 | Killed Kirke
 27156 | Spider:1 | Reached skill level 10 in Armour
 28215 | Spider:1 | Reached skill level 10 in Dodging
 28894 | Spider:2 | Reached XP level 17. HP: 128/140 MP: 16/16
 30119 | Spider:4 | Entered Level 4 of the Spider Nest
 30167 | Spider:4 | Noticed Nikola
 30357 | Spider:4 | Killed Nikola
 30364 | Spider:4 | Noticed Aizul
 30544 | Spider:3 | Reached skill level 1 in Invocations
 30699 | Spider:3 | Killed Aizul
 31030 | Spider:4 | Noticed Jorgrun
 31050 | Spider:4 | Killed Jorgrun
 31984 | Spider:4 | Reached XP level 18. HP: 137/160 MP: 18/18
 32566 | Spider:4 | Reached skill level 15 in Fighting
 32739 | Spider:4 | HP: 8/163 [demonic crawler (7)]
 32744 | Spider:4 | HP: 2/163 [demonic crawler (7)]
 33359 | Spider:4 | Got a gossamer rune of Zot
 33452 | Shoals:1 | Entered Level 1 of the Shoals
 34020 | Shoals:1 | Found a frozen archway.
 34039 | IceCv    | Entered an ice cave
 34860 | IceCv    | Noticed an Ice Fiend
 34881 | IceCv    | Killed an Ice Fiend
 34881 | IceCv    | Reached skill level 5 in Invocations
 34908 | IceCv    | Identified the Papyrus of the Evil Glacier
 35724 | Shoals:2 | Found Sianaj's Armour Boutique.
 36501 | Shoals:3 | Noticed Polyphemus
 36802 | Vaults:1 | Entered Level 1 of the Vaults
 36802 | Vaults:1 | Noticed Norris
 36814 | Vaults:1 | Killed Norris
 36814 | Vaults:1 | Reached XP level 19. HP: 152/174 MP: 22/24
 37150 | Vaults:1 | Reached skill level 10 in Invocations
 37639 | Vaults:1 | Found a white marble altar of Elyvilon.
 39959 | Vaults:2 | Found a staircase to the Crypt.
 39959 | Vaults:2 | Found a basalt altar of Yredelemnul.
 39962 | Vaults:2 | Found an ancient bone altar of Kikubaaqudgha.
 40237 | Vaults:2 | Reached XP level 20. HP: 157/182 MP: 28/30
 41005 | Elf:1    | Entered Level 1 of the Elven Halls
 41014 | Elf:1    | Noticed Wraiths's ghost (adept FoFi)
 41016 | Elf:1    | Reached skill level 15 in Invocations
 41192 | Elf:1    | HP: 6/182 [Wraiths's ghost (5)]
 41197 | Elf:1    | Killed Wraiths's ghost
 41197 | Elf:1    | HP: 6/182 [Wraiths's ghost/exploding inner flame[the player character] (1)]
 42299 | Elf:1    | Found a radiant altar of Vehumet.
 42519 | Elf:2    | Found a huge runed gate.
 42519 | Elf:2    | Found a huge runed gate.
 42519 | Elf:2    | Found a huge runed gate.
 42519 | Elf:2    | Found a huge runed gate.
 42519 | Elf:2    | Found a huge runed gate.
 42577 | Elf:2    | Found Zatin Nui's Armour Boutique.
 42585 | Elf:2    | Bought a +1 pair of boots for 138 gold pieces
 42664 | Elf:2    | Found a radiant altar of Vehumet.
 42698 | Elf:2    | Noticed Roxanne
 44457 | Vaults:3 | Reached XP level 21. HP: 189/189 MP: 33/33
 44960 | Vaults:3 | Found an opulent altar of Gozag.
 45231 | Vaults:3 | Noticed Wiglaf
 45252 | Vaults:3 | Killed Wiglaf
 47227 | Depths:1 | Entered Level 1 of the Depths
 47231 | Depths:1 | Found a gateway to a ziggurat.
 47254 | Depths:1 | Found a gateway to Hell.
 47423 | Depths:1 | Reached XP level 22. HP: 198/198 MP: 35/35
 47430 | Depths:1 | Found a one-way gate leading to the halls of Pandemonium.
 47440 | Depths:1 | Got a shimmering storm dragon armour
 47441 | Depths:1 | Identified the +6 storm dragon armour of the Hot Ocelot {rElec rF+ MR- Stlth+} (You acquired it on level 1 of the Depths)
 47903 | Depths:1 | Identified the Incunabulum of Intoxication
 47937 | Depths:1 | Paralysed by a great orb of eyes for 2 turns
 48392 | Depths:1 | Identified the Disquisition on Shape Shifting
 48561 | Depths:1 | Identified the Incunabulum of the Blaze (You found it on level 1 of the Depths)
 48738 | Depths:1 | Identified the Catalogue of Creation
 49452 | Depths:1 | Identified the Disquisition on Clay
 49578 | Depths:2 | Noticed the Enchantress
 49636 | Depths:1 | Cast into level 2 of the Abyss (the Enchantress)
 49744 | Depths:1 | Escaped the Abyss
 50005 | Depths:2 | Reached XP level 23. HP: 204/204 MP: 38/38
 50100 | Depths:2 | Found a one-way gate to the infinite horrors of the Abyss.
 50773 | Depths:2 | Found a roughly hewn altar of Beogh.
 51315 | Depths:3 | Noticed a caustic shrike
 51345 | Depths:2 | Killed a caustic shrike
 53349 | Depths:4 | Got a steaming broad axe {speed}
 53352 | Depths:4 | Identified the +10 broad axe of Doom {speed, rElec rF++} (You took it off a spriggan air mage on level 4 of the Depths)
 53641 | Depths:4 | Reached XP level 24. HP: 212/212 MP: 39/39
 54256 | Depths:5 | Entered Level 5 of the Depths
 54570 | Depths:5 | Reached skill level 27 in Invocations
 54900 | Depths:5 | Found a gate to the Realm of Zot.
 55353 | Depths:1 | Killed the Enchantress
 55397 | Depths:1 | Got a faerie dragon armour
 55404 | Depths:1 | Identified the +0 faerie dragon armour {rElec rF+ rCorr Str+2} (You took it off the Enchantress on level 1 of the Depths)
 55757 | Vaults:5 | Entered Level 5 of the Vaults
 55757 | Vaults:5 | Noticed an ancient lich
 55765 | Vaults:5 | Killed an ancient lich
 55821 | Vaults:5 | Reached XP level 25. HP: 195/230 MP: 32/39
 56137 | Vaults:5 | Identified the Guide on Changing
 56587 | Vaults:5 | Got a silver rune of Zot
 57559 | Crypt:1  | Entered Level 1 of the Crypt
 58924 | Crypt:2  | Reached XP level 26. HP: 216/248 MP: 39/39
 59538 | Crypt:3  | Entered Level 3 of the Crypt
 59930 | Crypt:3  | Found a staircase to the Tomb.
 60509 | Crypt:3  | Found a basalt altar of Yredelemnul.
 60542 | Crypt:3  | Noticed an ancient lich
 60549 | Crypt:3  | Killed an ancient lich
 60702 | Crypt:3  | Got a pitted plate armour
 60703 | Crypt:3  | Identified the +10 plate armour "Nazeshra" {Str+2 Dex+6} (You took it off a skeletal warrior on level 3 of the Crypt)
 60747 | Crypt:3  | Got a faintly humming cloak
 60748 | Crypt:3  | Identified the +2 cloak of Wasted Space {Dex+4} (You acquired it on level 3 of the Crypt)
 60899 | Crypt:3  | Identified the Almanac of Black Rites
 61491 | Shoals:3 | Killed Polyphemus
 62227 | Shoals:4 | Entered Level 4 of the Shoals
 62234 | Shoals:4 | Noticed Ilsuiw
 62291 | Shoals:4 | Killed Ilsuiw
 62607 | Shoals:4 | Got a ring of the Octopus King
 62608 | Shoals:4 | Identified a ring of the Octopus King {MP+9 AC+1 EV+1 Str+1 Int+1 Dex+1} (You found it on level 4 of the Shoals)
 62671 | Shoals:4 | Reached XP level 27. HP: 218/268 MP: 39/39
 62766 | Shoals:4 | Found Huif's Food Shop.
 62829 | Shoals:4 | Bought a slice of pizza for 19 gold pieces
 62829 | Shoals:4 | Bought a meat ration for 65 gold pieces
 62829 | Shoals:4 | Bought a meat ration for 65 gold pieces
 62829 | Shoals:4 | Bought a meat ration for 65 gold pieces
 62829 | Shoals:4 | Bought a meat ration for 65 gold pieces
 62829 | Shoals:4 | Bought a meat ration for 65 gold pieces
 63153 | Shoals:4 | Got a barnacled rune of Zot
 63632 | Elf:2    | Killed Roxanne
 63674 | Elf:3    | Entered Level 3 of the Elven Halls
 63768 | Elf:3    | Found a magical portal.
 63771 | WizLab   | Entered Doroklohe's Tomb
 63884 | WizLab   | Got a bloodstained hat
 63891 | WizLab   | Identified the +2 hat "Hoplamul" {+Blink MR- Int+7 Dex+2} (You found it in a wizard's laboratory)
 64431 | Elf:3    | Reached skill level 27 in Fighting
 64782 | Elf:3    | Identified the Guide on the Igneous Glacier
 64798 | Elf:3    | Identified the Collected Works on Torrid Earth
 64900 | Elf:3    | Identified A Beginning Course on the Arcane Arts
 64903 | Elf:3    | Learned a level 1 spell: Summon Butterflies
 65013 | Elf:3    | Found a deep blue altar of Sif Muna.
 65855 | Zot:1    | Entered Level 1 of the Realm of Zot
 67038 | Zot:2    | Reached skill level 15 in Armour
 67414 | Zot:2    | Noticed an orb of fire
 67433 | Zot:2    | Killed an orb of fire
 69415 | Zot:4    | Noticed an orb of fire
 69426 | Zot:4    | Killed an orb of fire
 70339 | Tomb:1   | Entered Level 1 of the Tomb of the Ancients
 70783 | Tomb:1   | Noticed a greater mummy
 70790 | Tomb:1   | Noticed a greater mummy
 70793 | Tomb:1   | Killed a greater mummy
 70823 | Tomb:1   | Killed a greater mummy
 70898 | Tomb:1   | Noticed a greater mummy
 70911 | Tomb:1   | Killed a greater mummy
 71108 | Tomb:1   | Learned a level 2 spell: Blink
 71238 | Tomb:2   | Noticed a greater mummy
 71238 | Tomb:2   | Noticed a greater mummy
 71238 | Tomb:2   | Noticed a greater mummy
 71238 | Tomb:2   | Noticed a greater mummy
 71262 | Tomb:2   | Killed a greater mummy
 71262 | Tomb:2   | Killed a greater mummy
 71272 | Tomb:2   | Killed a greater mummy
 71273 | Tomb:2   | Killed a greater mummy
 71763 | Tomb:1   | Noticed a greater mummy
 71788 | Tomb:1   | Killed a greater mummy
 71792 | Tomb:1   | Noticed a greater mummy
 71821 | Tomb:1   | Noticed a greater mummy
 71836 | Tomb:1   | Killed a greater mummy
 71842 | Tomb:1   | Killed a greater mummy
 72069 | Tomb:1   | Noticed a greater mummy
 72071 | Tomb:1   | Noticed a greater mummy
 72112 | Tomb:1   | Killed a greater mummy
 72130 | Tomb:1   | Killed a greater mummy
 72198 | Tomb:1   | Noticed a greater mummy
 72198 | Tomb:1   | Noticed a greater mummy
 72251 | Tomb:1   | Killed a greater mummy
 72261 | Tomb:1   | Noticed a greater mummy
 72265 | Tomb:1   | Killed a greater mummy
 72277 | Tomb:1   | Killed a greater mummy
 72284 | Tomb:1   | Noticed a greater mummy
 72295 | Tomb:1   | Killed a greater mummy
 72362 | Tomb:1   | Noticed a greater mummy
 72392 | Tomb:1   | Killed a greater mummy
 72392 | Tomb:1   | Reached skill level 15 in Dodging
 72413 | Tomb:1   | Noticed a greater mummy
 72444 | Tomb:1   | Killed a greater mummy
 72445 | Tomb:1   | Noticed a greater mummy
 72466 | Tomb:1   | Killed a greater mummy
 72498 | Tomb:1   | Noticed a greater mummy
 72507 | Tomb:1   | Killed a greater mummy
 72593 | Tomb:1   | Noticed a greater mummy
 72599 | Tomb:1   | Noticed a greater mummy
 72622 | Tomb:1   | Killed a greater mummy
 72627 | Tomb:1   | Noticed a greater mummy
 72739 | Tomb:1   | Killed a greater mummy
 72744 | Tomb:1   | Killed a greater mummy
 72836 | Tomb:1   | Noticed a greater mummy
 72882 | Tomb:1   | Killed a greater mummy
 73001 | Tomb:1   | Noticed a greater mummy
 73002 | Tomb:1   | Noticed a greater mummy
 73032 | Tomb:1   | Killed a greater mummy
 73033 | Tomb:1   | Noticed a greater mummy
 73044 | Tomb:1   | Killed a greater mummy
 73059 | Tomb:1   | Killed a greater mummy
 73089 | Tomb:1   | Noticed a greater mummy
 73091 | Tomb:1   | Noticed a greater mummy
 73094 | Tomb:1   | Noticed a greater mummy
 73105 | Tomb:1   | Killed a greater mummy
 73113 | Tomb:1   | Killed a greater mummy
 73122 | Tomb:1   | Killed a greater mummy
 73274 | Tomb:3   | Entered Level 3 of the Tomb of the Ancients
 73292 | Tomb:3   | Noticed a greater mummy
 73292 | Tomb:3   | Noticed a greater mummy
 73303 | Tomb:3   | Noticed a greater mummy
 73306 | Tomb:3   | Killed a greater mummy
 73306 | Tomb:3   | Killed a greater mummy
 73306 | Tomb:3   | Killed a greater mummy
 73311 | Tomb:3   | Noticed Frederick
 73313 | Tomb:3   | Noticed a greater mummy
 73318 | Tomb:3   | Noticed a greater mummy
 73318 | Tomb:3   | Killed Frederick
 73326 | Tomb:3   | Noticed a greater mummy
 73329 | Tomb:3   | Killed a greater mummy
 73442 | Tomb:2   | Killed a greater mummy
 73480 | Tomb:2   | Killed a greater mummy
 73547 | Tomb:3   | Noticed a greater mummy
 73652 | Tomb:3   | Noticed a greater mummy
 73663 | Tomb:3   | Noticed a greater mummy
 73677 | Tomb:2   | Killed a greater mummy
 73711 | Tomb:2   | Killed a greater mummy
 73776 | Tomb:3   | Killed a greater mummy
 73965 | Tomb:3   | Got a wavering lead ring
 73966 | Tomb:3   | Identified the ring of Cuumiapo {SustAt -Tele rF++ Int+2} (You found it on level 3 of the Tomb of the Ancients)
 73995 | Tomb:3   | Identified the Almanac of the Mountains
 74023 | Tomb:3   | Got a smoking plate armour
 74024 | Tomb:3   | Identified the +9 plate armour of the End {+Fly rF+ Int+2 Slay-6} (You found it on level 3 of the Tomb of the Ancients)
 74044 | Tomb:3   | Learned a level 1 spell: Apportation
 74418 | Tomb:3   | Got a golden rune of Zot
 75092 | Slime:1  | Entered Level 1 of the Pits of Slime
 75573 | Slime:6  | Entered Level 6 of the Pits of Slime
 75621 | Slime:6  | Noticed the Royal Jelly
 75637 | Slime:6  | Killed the Royal Jelly
 75939 | Slime:6  | Got a slimy rune of Zot
 75941 | Slime:6  | Identified Kuenekk's Guide on Orientation and Augmentations
 75951 | Slime:6  | Got a pitted helmet
 75954 | Slime:6  | Identified the +2 helmet "Ywuamir" {MP+9 Dex+3} (You found it on level 6 of the Pits of Slime)
 75965 | Slime:6  | Learned a level 3 spell: Portal Projectile
 75988 | Slime:6  | Identified the Compendium of Mutagenic Unholy Magic
 75993 | Slime:6  | Learned a level 3 spell: Regeneration
 75996 | Slime:6  | Identified a +0 pair of boots of running (You found it on level 6 of the Pits of Slime)
 76033 | Slime:6  | Got a scorched amber ring
 76035 | Slime:6  | Identified the ring of Jeotenk {rElec rF+} (You found it on level 6 of the Pits of Slime)
 77124 | Depths:2 | Voluntarily entered the Abyss.
 77126 | Abyss:1  | Noticed an ancient lich
 77135 | Abyss:1  | Killed an ancient lich
 77271 | Abyss:3  | Got a transparent jade ring
 77272 | Abyss:3  | Identified the ring of the Peasants {+Inv MP+9 Dex+9} (You found it on level 3 of the Abyss)
 77719 | Abyss:3  | Paralysed by accursed screaming for 1 turns
 78334 | Abyss:3  | Paralysed by accursed screaming for 2 turns
 78338 | Abyss:3  | Paralysed by accursed screaming for 2 turns
 78515 | Abyss:3  | Paralysed by accursed screaming for 2 turns
 78877 | Abyss:3  | Paralysed by accursed screaming for 1 turns
 79251 | Abyss:3  | Got an abyssal rune of Zot
 79701 | Depths:2 | Escaped the Abyss
 79714 | Zig:1    | Entered Level 1 of a ziggurat
 79739 | Zig:2    | Entered Level 2 of a ziggurat
 79801 | Zig:3    | Entered Level 3 of a ziggurat
 79831 | Zig:3    | Identified Voel's Disquisition on the Helpful Rocks
 79839 | Zig:4    | Entered Level 4 of a ziggurat
 79876 | Zig:4    | Got a pair of brightly glowing boots
 79880 | Zig:4    | Identified the +2 pair of boots of the Illusory Lies {Str+6} (You found it on level 4 of a ziggurat)
 79892 | Zig:5    | Entered Level 5 of a ziggurat
 79896 | Zig:5    | Noticed an ancient lich
 79909 | Zig:5    | Killed an ancient lich
 79956 | Zig:5    | Got a transparent marble ring
 79960 | Zig:5    | Identified the ring of Zot Neej {rF+ Str+5} (You found it on level 5 of a ziggurat)
 79972 | Zig:6    | Entered Level 6 of a ziggurat
 80061 | Zig:7    | Entered Level 7 of a ziggurat
 80139 | Zig:7    | Identified the Tome of Envenoming
 80157 | Zig:8    | Entered Level 8 of a ziggurat
 80161 | Zig:8    | Noticed Efadijil the pandemonium lord
 80162 | Zig:8    | Noticed Wolur the pandemonium lord
 80178 | Zig:8    | Killed Wolur the pandemonium lord
 80189 | Zig:8    | Killed Efadijil the pandemonium lord
 80236 | Zig:8    | Got a smoking copper ring
 80238 | Zig:8    | Identified the cursed ring "Xelyppua" {Str-3 Stlth+} (You found it on level 8 of a ziggurat)
 80283 | Zig:9    | Entered Level 9 of a ziggurat
 80362 | Zig:9    | Identified the Catalogue of Spatial Battle Magic (You found it on level 9 of a ziggurat)
 80365 | Zig:9    | Got an ancient steel ring
 80366 | Zig:9    | Identified the ring of Obsession {SustAt rPois rF+} (You found it on level 9 of a ziggurat)
 80377 | Zig:9    | Identified Sif Muna's Reference Book on Icy Bewitchment
 80433 | Zig:9    | Identified the Incunabulum of Boosting Sinister Rituals (You found it on level 9 of a ziggurat)
 80439 | Zig:9    | Reached skill level 27 in Armour
 80446 | Zig:10   | Entered Level 10 of a ziggurat
 80510 | Zig:10   | Learned a level 2 spell: Song of Slaying
 80523 | Zig:11   | Entered Level 11 of a ziggurat
 80667 | Zig:11   | Got a shimmering steel ring
 80669 | Zig:11   | Identified the ring of the Genius {SustAt rF+} (You found it on level 11 of a ziggurat)
 80682 | Zig:11   | Got a twisted shadow dragon armour
 80686 | Zig:11   | Identified the +10 shadow dragon armour "Pohauxt" {rF- MR++ Int+3 Dex+4 Stlth++++} (You found it on level 11 of a ziggurat)
 80696 | Zig:12   | Entered Level 12 of a ziggurat
 80701 | Zig:12   | Noticed a greater mummy
 80728 | Zig:12   | Killed a greater mummy
 80749 | Zig:12   | Identified the Papyrus of Air
 80757 | Zig:12   | Got a vibrating graven amulet
 80758 | Zig:12   | Identified the amulet of Xom's Fair Game {*Contam +Rage rElec rC+++ Dex-4} (You found it on level 12 of a ziggurat)
 80816 | Zig:13   | Entered Level 13 of a ziggurat
 80896 | Zig:13   | Identified the Collected Works on Freezing Black Secrets
 80938 | Zig:14   | Entered Level 14 of a ziggurat
 80946 | Zig:14   | Noticed a greater mummy
 80949 | Zig:14   | Noticed a greater mummy
 80952 | Zig:14   | Killed a greater mummy
 80952 | Zig:14   | Killed a greater mummy
 80999 | Zig:14   | Got a translucent lead ring
 81001 | Zig:14   | Identified the ring of Xom's Generosity {rF+ EV+5 Int+2} (You found it on level 14 of a ziggurat)
 81025 | Zig:14   | Identified the Collected Works on the Escort and Earth
 81041 | Zig:15   | Entered Level 15 of a ziggurat
 81170 | Zig:16   | Entered Level 16 of a ziggurat
 81177 | Zig:16   | Noticed an orb of fire
 81178 | Zig:16   | Noticed an orb of fire
 81179 | Zig:16   | Noticed an orb of fire
 81182 | Zig:16   | Noticed an orb of fire
 81193 | Zig:16   | Killed an orb of fire
 81199 | Zig:16   | Noticed an orb of fire
 81200 | Zig:16   | Killed an orb of fire
 81200 | Zig:16   | Killed an orb of fire
 81218 | Zig:16   | Killed an orb of fire
 81221 | Zig:16   | Killed an orb of fire
 81291 | Zig:16   | Got an ancient steel ring
 81293 | Zig:16   | Identified the ring "Pialar" {MR++ MP+9 Str+2 Dex+4} (You found it on level 16 of a ziggurat)
 81339 | Zig:17   | Entered Level 17 of a ziggurat
 81435 | Zig:17   | Identified the Handbook of Clay and Ignition
 81463 | Zig:18   | Entered Level 18 of a ziggurat
 81544 | Zig:18   | Identified the Tome of Warped Air
 81564 | Zig:19   | Entered Level 19 of a ziggurat
 81688 | Zig:19   | Got a vibrating wooden ring
 81691 | Zig:19   | Identified the ring of the Sparrow {rC+ Int+2} (You found it on level 19 of a ziggurat)
 81745 | Zig:20   | Entered Level 20 of a ziggurat
 81855 | Zig:20   | Got a fine lead ring
 81856 | Zig:20   | Identified the ring "Plog" {*Confuse rElec rN+++ MR+ Str-4} (You found it on level 20 of a ziggurat)
 81901 | Zig:21   | Entered Level 21 of a ziggurat
 81911 | Zig:21   | Noticed Oroeko the pandemonium lord
 81914 | Zig:21   | Noticed Wuib Sus the pandemonium lord
 81920 | Zig:21   | Noticed Puenlaed the pandemonium lord
 81920 | Zig:21   | Noticed Lenkoeb the pandemonium lord
 81923 | Zig:21   | Cast into level 5 of the Abyss (Wuib Sus)
 81923 | Abyss:5  | Entered Level 5 of the Abyss
 81946 | Zig:21   | Escaped the Abyss
 81946 | Zig:21   | Noticed Cuexkaxt the pandemonium lord
 81946 | Zig:21   | Noticed Muliysk the pandemonium lord
 81947 | Zig:21   | Killed Lenkoeb the pandemonium lord
 81947 | Zig:21   | Killed Muliysk the pandemonium lord
 81947 | Zig:21   | Killed Puenlaed the pandemonium lord
 81947 | Zig:21   | Killed Cuexkaxt the pandemonium lord
 81948 | Zig:21   | Noticed Enimm the pandemonium lord
 81948 | Zig:21   | Noticed Zaweg the pandemonium lord
 81948 | Zig:21   | Noticed Evucs the pandemonium lord
 81948 | Zig:21   | Noticed Besozim the pandemonium lord
 81948 | Zig:21   | Noticed Plog the pandemonium lord
 81948 | Zig:21   | Killed Plog the pandemonium lord
 81949 | Zig:21   | Noticed Huruddea the pandemonium lord
 81956 | Zig:22   | Entered Level 22 of a ziggurat
 81979 | Zig:22   | Noticed an ancient lich
 81979 | Zig:22   | Noticed an ancient lich
 81999 | Zig:22   | Killed an ancient lich
 82006 | Zig:22   | Killed an ancient lich
 82116 | Zig:22   | Identified Sif Muna's Collected Works on Hurtful Changing
 82122 | Zig:22   | Identified the Grimoire of Combat Magic
 82129 | Zig:22   | Got a flickering bone ring
 82149 | Zig:22   | Identified the ring of Sooj {Str+6 Stlth-} (You found it on level 22 of a ziggurat)
 82183 | Zig:23   | Entered Level 23 of a ziggurat
 82190 | Zig:23   | Noticed a greater mummy
 82192 | Zig:23   | Noticed a greater mummy
 82193 | Zig:23   | Noticed a greater mummy
 82194 | Zig:23   | Noticed a greater mummy
 82194 | Zig:23   | Noticed a greater mummy
 82195 | Zig:23   | Noticed a greater mummy
 82195 | Zig:23   | Noticed a greater mummy
 82196 | Zig:23   | Noticed a greater mummy
 82196 | Zig:23   | Killed a greater mummy
 82196 | Zig:23   | Killed a greater mummy
 82196 | Zig:23   | Killed a greater mummy
 82196 | Zig:23   | Killed a greater mummy
 82199 | Zig:23   | Noticed a greater mummy
 82200 | Zig:23   | Killed a greater mummy
 82203 | Zig:23   | Killed a greater mummy
 82203 | Zig:23   | Killed a greater mummy
 82203 | Zig:23   | Killed a greater mummy
 82205 | Zig:23   | Noticed a greater mummy
 82205 | Zig:23   | Noticed a greater mummy
 82206 | Zig:23   | Killed a greater mummy
 82223 | Zig:23   | Killed a greater mummy
 82233 | Zig:23   | Killed a greater mummy
 82233 | Zig:23   | Reached skill level 27 in Axes
 82325 | Zig:23   | Got a twisted cloak
 82326 | Zig:23   | Identified the +2 cloak of Ydamegor {Str+3 Int+4} (You acquired it on level 23 of a ziggurat)
 82332 | Zig:23   | Identified Edghiyps's Catalogue of Unholy Rituals
 82335 | Zig:23   | Identified the Guide on Creative Contamination
 82395 | Zig:24   | Entered Level 24 of a ziggurat
 82404 | Zig:24   | Noticed Inohut the pandemonium lord
 82406 | Zig:24   | Noticed Ynucy the pandemonium lord
 82406 | Zig:24   | Noticed Wenyf the pandemonium lord
 82407 | Zig:24   | Noticed Sarchu the pandemonium lord
 82407 | Zig:24   | Noticed Cuoxal the pandemonium lord
 82407 | Zig:24   | Noticed Regynt the pandemonium lord
 82407 | Zig:24   | Noticed Pyrayxza the pandemonium lord
 82409 | Zig:24   | Noticed Cubbaoso the pandemonium lord
 82409 | Zig:24   | Noticed Buceg the pandemonium lord
 82409 | Zig:24   | Noticed Hellul the pandemonium lord
 82410 | Zig:24   | Noticed Gibompav the pandemonium lord
 82410 | Zig:24   | Noticed Hutro Kikku the pandemonium lord
 82411 | Zig:24   | Noticed Zimeomuj the pandemonium lord
 82413 | Zig:24   | Noticed Hifueff the pandemonium lord
 82413 | Zig:24   | Noticed Uluoveasch the pandemonium lord
 82413 | Zig:24   | Noticed Vecui the pandemonium lord
 82413 | Zig:24   | Noticed Leplami the pandemonium lord
 82413 | Zig:24   | Noticed Nujoacvo the pandemonium lord
 82413 | Zig:24   | Noticed Sibaugg the pandemonium lord
 82414 | Zig:24   | Killed Hutro Kikku the pandemonium lord
 82414 | Zig:24   | Killed Zimeomuj the pandemonium lord
 82414 | Zig:24   | Killed Sibaugg the pandemonium lord
 82414 | Zig:24   | Killed Vecui the pandemonium lord
 82414 | Zig:24   | Killed Leplami the pandemonium lord
 82414 | Zig:24   | Killed Uluoveasch the pandemonium lord
 82414 | Zig:24   | Killed Nujoacvo the pandemonium lord
 82419 | Zig:25   | Entered Level 25 of a ziggurat
 82642 | Zig:25   | Got a pair of spiked boots
 82645 | Zig:25   | Identified the +5 pair of boots of Limmyetu {-Tele rN+ MP+9 Int+5} (You acquired it on level 25 of a ziggurat)
 82662 | Zig:25   | Identified a +1 pair of boots of running (You acquired it on level 25 of a ziggurat)
 82681 | Zig:25   | Identified the Reference Book on Boosting Dark Rites
 82702 | Zig:25   | Got a brightly glowing lapis lazuli ring
 82703 | Zig:25   | Identified the ring of Carecici {rC+ EV+3 Str+5} (You found it on level 25 of a ziggurat)
 82735 | Zig:25   | Learned a level 2 spell: Shroud of Golubria
 82766 | Zig:26   | Entered Level 26 of a ziggurat
 82893 | Zig:26   | Identified the Grimoire of Evil and Flight
 82910 | Zig:26   | Got a twisted battleaxe
 82913 | Zig:26   | Identified the cursed +1 battleaxe of the Volcano {vamp, Str+3 Dex+7} (You found it on level 26 of a ziggurat)
 82940 | Zig:27   | Entered Level 27 of a ziggurat
 82967 | Zig:27   | Noticed Bosomer the pandemonium lord
 82986 | Zig:27   | Killed Bosomer the pandemonium lord
 83039 | Zig:27   | Got a glittering granite ring
 83042 | Zig:27   | Identified the ring "Sangaule" {*Tele rN+ Dex+2} (You found it on level 27 of a ziggurat)
 83158 | Hell     | Entered the Vestibule of Hell
 83158 | Hell     | Noticed Geryon
 83171 | Hell     | Reached skill level 27 in Dodging
 83193 | Hell     | Reached skill level 5 in Throwing
 83206 | Hell     | Killed Geryon
 83308 | Hell     | Found a gateway to the ashen valley of Gehenna.
 83319 | Geh:1    | Entered Level 1 of Gehenna
 83718 | Geh:2    | Reached skill level 10 in Throwing
 84385 | Geh:5    | Found a corrupted altar of Lugonu.
 84895 | Geh:7    | Entered Level 7 of Gehenna
 84972 | Geh:7    | Reached skill level 15 in Throwing
 85417 | Geh:7    | Identified the Papyrus of Flames and Protection
 85421 | Geh:7    | Identified Poepejer's Incunabulum of Hurtful Good Luck
 86054 | Geh:7    | Noticed Asmodeus
 86099 | Geh:7    | Killed Asmodeus
 86135 | Geh:7    | Got an obsidian rune of Zot
 86395 | Hell     | Found a gateway to the freezing wastes of Cocytus.
 86408 | Coc:1    | Entered Level 1 of Cocytus
 87368 | Coc:5    | You fall through a shaft!
 87659 | Coc:7    | Entered Level 7 of Cocytus
 87791 | Coc:7    | Noticed the Serpent of Hell
 87810 | Coc:7    | Killed the Serpent of Hell
 87851 | Coc:7    | Noticed Antaeus
 87892 | Coc:7    | Killed Antaeus
 87917 | Coc:7    | Got an icy rune of Zot
 88010 | Coc:7    | Identified the Papyrus of Shape Shifting and the Mountains (You found it on level 7 of Cocytus)
 88236 | Hell     | Found a gateway to the Iron City of Dis.
 88243 | Dis:1    | Entered Level 1 of the Iron City of Dis
 89214 | Dis:7    | Entered Level 7 of the Iron City of Dis
 89240 | Dis:7    | Found a shimmering altar of Xom.
 90139 | Dis:7    | Got a steaming executioner's axe
 90140 | Dis:7    | Identified the cursed +0 executioner's axe of Arrival {chop, rPois} (You found it on level 7 of the Iron City of Dis)
 90444 | Dis:7    | Got a brightly glowing copper ring
 90445 | Dis:7    | Identified the ring "Hihoroev" {*Confuse rF+ Str+3 SInv} (You found it on level 7 of the Iron City of Dis)
 90799 | Dis:7    | Noticed Dispater
 90832 | Dis:7    | Killed Dispater
 90984 | Dis:7    | Got an iron rune of Zot
 91057 | Hell     | Found a gateway to the decaying netherworld of Tartarus.
 91074 | Tar:1    | Entered Level 1 of Tartarus
 91742 | Tar:7    | Entered Level 7 of Tartarus
 91923 | Tar:7    | Reached skill level 27 in Throwing
 92217 | Tar:7    | Reached skill level 5 in Translocations
 92419 | Tar:7    | Noticed Ereshkigal
 92468 | Tar:7    | Killed Ereshkigal
 92513 | Tar:7    | Got a bone rune of Zot
 92628 | Pan      | Entered Pandemonium
 92850 | Pan      | Reached skill level 10 in Translocations
 92871 | Pan      | Reached skill level 1 in Spellcasting
 92983 | Pan      | Noticed Qakiehe the pandemonium lord
 93008 | Pan      | Killed Qakiehe the pandemonium lord
 93086 | Pan      | Reached skill level 5 in Spellcasting
 93151 | Pan      | Noticed Mennas
 93168 | Pan      | Killed Mennas
 93173 | Pan      | Noticed Wucril the pandemonium lord
 93183 | Pan      | Killed Wucril the pandemonium lord
 93267 | Pan      | Entered the realm of Lom Lobon.
 93267 | Pan      | Noticed Lom Lobon
 93313 | Pan      | Killed Lom Lobon
 93353 | Pan      | Got a magical rune of Zot
 93376 | Pan      | Reached skill level 10 in Spellcasting
 93444 | Pan      | Reached skill level 1 in Charms
 93490 | Pan      | Found a huge runed gate.
 93529 | Pan      | Found a huge runed gate.
 93529 | Pan      | Found a huge runed gate.
 93529 | Pan      | Found a huge runed gate.
 93529 | Pan      | Found a huge runed gate.
 93529 | Pan      | Found a huge runed gate.
 93529 | Pan      | Found a huge runed gate.
 93544 | Pan      | Noticed Plog the pandemonium lord
 93549 | Pan      | Reached skill level 5 in Charms
 93559 | Pan      | Killed Plog the pandemonium lord
 93638 | Pan      | Found an exit through the horrors of the Abyss.
 93779 | Pan      | Noticed Umo Fusm the pandemonium lord
 93787 | Pan      | Killed Umo Fusm the pandemonium lord
 93858 | Pan      | Entered the realm of Cerebov.
 94066 | Pan      | Reached skill level 10 in Charms
 94104 | Pan      | Reached skill level 1 in Necromancy
 94160 | Pan      | Noticed Cerebov
 94211 | Pan      | Killed Cerebov
 94254 | Pan      | Got a fiery rune of Zot
 94349 | Pan      | Found a runed door.
 94389 | Pan      | Found a runed door.
 94395 | Pan      | Noticed Koothees the pandemonium lord
 94401 | Pan      | Killed Koothees the pandemonium lord
 94402 | Pan      | Found a runed door.
 94412 | Pan      | Found a runed door.
 94432 | Pan      | Found an exit through the horrors of the Abyss.
 94514 | Pan      | Reached skill level 10 in Necromancy
 94521 | Pan      | Reached skill level 1 in Summonings
 94531 | Pan      | Noticed Gitinnim the pandemonium lord
 94537 | Pan      | Killed Gitinnim the pandemonium lord
 94608 | Pan      | Noticed Vyomoy Zynai the pandemonium lord
 94613 | Pan      | Reached skill level 5 in Summonings
 94619 | Pan      | Killed Vyomoy Zynai the pandemonium lord
 94787 | Pan      | Found an exit through the horrors of the Abyss.
 94850 | Pan      | Noticed Radanixt the pandemonium lord
 94853 | Pan      | Reached skill level 10 in Summonings
 94862 | Pan      | Killed Radanixt the pandemonium lord
 94899 | Pan      | Got a demonic rune of Zot
 95127 | Pan      | Found an exit through the horrors of the Abyss.
 95569 | Pan      | Noticed Ceotin the pandemonium lord
 95592 | Pan      | Killed Ceotin the pandemonium lord
 95697 | Pan      | Noticed Tedyo the pandemonium lord
 95713 | Pan      | Killed Tedyo the pandemonium lord
 96364 | Pan      | Entered the realm of Gloorx Vloq.
 96371 | Pan      | Noticed Gloorx Vloq
 96380 | Pan      | Killed Gloorx Vloq
 96406 | Pan      | Got a dark rune of Zot
 96428 | Pan      | Got a jewelled crystal plate armour
 96429 | Pan      | Identified the +9 crystal plate armour of Temperance {*Contam rPois rC+ Regen+} (You acquired it in Pandemonium)
 96526 | Pan      | Found an exit through the horrors of the Abyss.
 96531 | Pan      | Took an exit into the Abyss.
 96531 | Abyss:1  | Escaped into the Abyss
 96606 | Abyss:1  | Paralysed by accursed screaming for 1 turns
 96679 | Depths:1 | Escaped the Abyss
 96838 | Zot:5    | Entered Level 5 of the Realm of Zot
 96986 | Zot:5    | Noticed an ancient lich
 97002 | Zot:5    | Killed an ancient lich
 97021 | Zot:5    | Noticed an orb of fire
 97041 | Zot:5    | Killed an orb of fire
 97077 | Zot:5    | Reached skill level 15 in Necromancy
 97240 | Zot:5    | Noticed an orb of fire
 97245 | Zot:5    | Noticed an orb of fire
 97259 | Zot:5    | Reached skill level 15 in Charms
 97262 | Zot:5    | Killed an orb of fire
 97273 | Zot:5    | Killed an orb of fire
 97617 | Pan      | Entered Pandemonium
 97891 | Pan      | Found an exit through the horrors of the Abyss.
 97975 | Pan      | Entered the realm of Mnoleg.
 98306 | Pan      | Noticed Mnoleg
 98335 | Pan      | Killed Mnoleg
 98382 | Pan      | Got a glowing rune of Zot
 98422 | Pan      | Found an exit through the horrors of the Abyss.
 98431 | Pan      | Took an exit into the Abyss.
 98431 | Abyss:1  | Escaped into the Abyss
 98431 | Abyss:1  | Found a corrupted altar of Lugonu.
 98445 | Depths:3 | Escaped the Abyss
 98692 | Zot:5    | Noticed an ancient lich
 98702 | Zot:5    | Killed an ancient lich
 98736 | Zot:5    | Got the Orb of Zot
 98973 | Depths:3 | Noticed a seraph
 99007 | Depths:3 | Killed a seraph
 99164 | D:15     | Noticed Xaxue the pandemonium lord
 99397 | D:3      | Killed NobbyPlug's ghost
 99458 | D:$      | Escaped with the Orb!

Skill      XL: |  1  2  3  4  5  6  7  8  9 10 11 12 13 14 15 16 17 18 19 20 21 22 23 24 25 26 27 |
---------------+----------------------------------------------------------------------------------+-----
Axes           | 3 4 5 6 7 8 10 12 14 16 18 19 27 | 27.0
Armour         | 3 6 8 10 27 | 27.0
Dodging        | 6 8 10 27 | 27.0
Fighting       | 3 6 7 10 14 16 19 23 25 27 | 27.0
Maces & Flails | 3 10 12 | 12.0
Invocations    | 2 8 14 18 21 24 26 27 | 27.0
Throwing       | 27 | 27.0
Translocations | 10 | 10.0
Spellcasting   | 10 | 10.2
Charms         | 17 | 17.8
Necromancy     | 18 | 18.9
Summonings     | 12 | 12.0

Action                   |  1- 3 |  4- 6 |  7- 9 | 10-12 | 13-15 | 16-18 | 19-21 | 22-24 | 25-27 || total
-------------------------+-------+-------+-------+-------+-------+-------+-------+-------+-------++-------
Melee: War axe           |   105 |   166 |   583 |   684 |   529 |   637 |    89 |       |       ||  2793
       Rapier            |       |       |    63 |    13 |     2 |       |       |       |       ||    78
       Broad axe         |       |       |       |    83 |   231 |   288 |    49 |   150 |  5531 ||  6332
       Great mace        |       |       |       |       |   576 |   531 |   449 |       |       ||  1556
       Battleaxe         |       |       |       |       |       |       |   911 |  1557 |  3765 ||  6233
       Executioner's axe |       |       |       |       |       |       |       |       |  2075 ||  2075
       Glaive            |       |       |       |       |       |       |       |       |    21 ||    21
 Fire: Blowgun           |       |       |    17 |     5 |     8 |       |       |       |       ||    30
Throw: Javelin           |       |       |       |       |       |       |       |       |   133 ||   133
 Cast: Regeneration      |       |       |       |       |       |       |       |       |    16 ||    16
       Song of Slaying   |       |       |       |       |       |       |       |       |    15 ||    15
       Blink             |       |       |       |       |       |       |       |       |     3 ||     3
       Portal Projectile |       |       |       |       |       |       |       |       |     2 ||     2
       Shroud of Golubri |       |       |       |       |       |       |       |       |     2 ||     2
Invok: Disaster Area     |       |       |       |       |       |       |       |     7 |    48 ||    55
Evoke: Wand              |       |       |       |       |       |       |       |       |    77 ||    77
       Figurine of a zig |       |       |       |       |       |       |       |       |     1 ||     1
  Use: Scroll            |       |     8 |     9 |    13 |    12 |    12 |    17 |    18 |   117 ||   206
       Potion            |       |     4 |     3 |     2 |     9 |    16 |     3 |     1 |    39 ||    77
 Stab: Invisible         |       |       |     1 |       |       |       |       |       |     1 ||     2
       Confused          |       |       |       |       |       |       |     1 |       |       ||     1
       Distracted        |       |       |       |       |       |       |       |       |     7 ||     7
       Petrifying        |       |       |       |       |       |       |       |       |     4 ||     4
       Paralysed         |       |       |       |       |       |       |       |       |     3 ||     3
       Petrified         |       |       |       |       |       |       |       |       |     1 ||     1
  Eat: Chunk             |    18 |    19 |    61 |   131 |   232 |   246 |   170 |   153 |   477 ||  1507
       Royal jelly       |       |       |       |       |       |       |       |       |     5 ||     5
       Pizza             |       |       |       |       |       |       |       |       |     4 ||     4
       Beef jerky        |       |       |       |       |       |       |       |       |     1 ||     1
Armor: Leather armour    |    33 |       |       |       |       |       |       |       |       ||    33
       Ring mail         |    22 |    68 |     2 |       |       |       |       |       |       ||    92
       Scale mail        |       |       |   323 |       |       |       |       |       |       ||   323
       Plate armour      |       |       |    39 |   366 |   740 |   990 |   543 |   770 |  3447 ||  6895
       Crystal plate arm |       |       |       |       |       |       |       |       |   216 ||   216
Dodge: Dodged            |    95 |   123 |   333 |   232 |   443 |   976 |   522 |   649 |  8621 || 11994
       Deflected         |       |       |       |     3 |    27 |    23 |    95 |    61 |   279 ||   488
Block: Other             |       |       |     9 |   147 |   457 |   673 |   387 |   470 |  3258 ||  5401
